 Dungeon Crawl Stone Soup version 0.28.0 (webtiles) character file.

Game seed: 2381437769647319232

12494 ProzacElf the Cardsharp (level 12, -9/81 HPs)
             Began as a Djinni Gladiator on Feb 7, 2022.
             Was a High Priest of Nemelex Xobeh.
             Mangled by a komodo dragon (23 damage)
             ... on level 10 of the Dungeon.
             The game lasted 00:36:20 (15190 turns).

ProzacElf the Cardsharp (Djinni Gladiator)         Turns: 15190, Time: 00:36:20

Health: -9/81      AC: 13    Str: 17    XL:     12   Next: 20%
Gold:   654        EV: 12    Int: 12    God:    Nemelex Xobeh [*****.] SH:  0 Dex: 20

rFire   + + .      SeeInvis +   x - +7 staff of the Meek {protect, meekguard}
rCold   . . .      Faith    .   (shield currently unavailable)
rNeg    . . .      Spirit   .   T - +1 scale mail {rC+}
rPois   ∞          Reflect  .   c - +0 helmet
rElec   .          Harm     .   I - +2 cloak
rCorr   .          Rampage  .   s - +1 Delatra's gloves {ID++}
Will    +....                   (boots unavailable)
Stlth   ..........              (no amulet)
HPRegen 0.23/turn               L - ring of see invisible
MPRegen 0.00/turn               V - +6 ring of dexterity

@: elixired, flying
A: sickness immunity, fire resistance 2, cold vulnerability 1, float, innate
caster, HP casting, extra vitality 1
a: Renounce Religion, Draw Escape, Draw Destruction, Draw Summoning, Triple
Draw, Deal Four, Stack Five


You were on level 10 of the Dungeon.
You worshipped Nemelex Xobeh.
Nemelex Xobeh was extremely pleased with you.
You visited 2 branches of the dungeon, and saw 12 of its levels.
You also visited: Sewer.

You collected 654 gold pieces.

Inventory:

Hand Weapons
 a - a +0 long sword
 b - the +10 short sword "Majeziering" {pain, Will+}
   (You found it on level 2 of the Dungeon)

   In the hands of one skilled in necromantic magic, it inflicts extra damage on
   living creatures.
   Your inability to study Necromancy prevents you from drawing on the full
   power of this weapon.
   Will:      It increases your willpower.
 f - a +0 hunting sling
 x - the +7 staff of the Meek (weapon) {protect, meekguard}
   (You found it on level 3 of the Dungeon)

   It grants its wielder temporary protection when it strikes (+7 to AC).
   It provides extra protection to wielders with little health.
 F - a +0 hand crossbow
Missiles
 d - 4 throwing nets (quivered)
 e - 124 stones
 g - 8 boomerangs
 h - 6 datura-tipped darts
 n - 126 sling bullets
 D - 6 atropa-tipped darts
 E - 15 poisoned darts
 G - 59 bolts
 M - 2 curare-tipped darts
Armour
 c - a +0 helmet (worn)
 o - the +0 leather armour of Gayschev {rElec rC+++ rN+ Will-}
   (You found it on level 2 of the Dungeon)

   rC:        It renders you almost immune to cold.
   rElec:     It insulates you from electricity.
   rN:        It protects you from negative energy.
   Will:      It decreases your willpower.
 s - the +1 Delatra's gloves (worn) {ID++}
   (You found it on level 2 of the Dungeon)

   It heals its wearer when they drink unknown potions.
   It restores its wearer's MP when they read unknown scrolls.
 I - a +2 cloak (worn)
 R - +0 swamp dragon scales
 T - a +1 scale mail of cold resistance (worn)
 U - a +0 troll leather armour
Jewellery
 L - a ring of see invisible (left hand)
 V - a +6 ring of dexterity (right hand)
Wands
 q - a wand of iceblast (22)
 J - a wand of paralysis (1)
 K - a wand of charming (9)
 O - a wand of flame (18)
 Q - a wand of digging (6)
Scrolls
 i - a scroll of enchant armour
 j - 4 scrolls of blinking {unknown}
 l - 3 scrolls of noise {unknown}
 p - 3 scrolls of fog {unknown}
 r - 5 scrolls of identify
 u - a scroll of summoning {unknown}
 y - 5 scrolls of teleportation
 A - 6 scrolls of amnesia
 C - 4 scrolls of immolation
 H - 5 scrolls of vulnerability {unknown}
 N - a scroll of brand weapon {unknown}
 S - a scroll of holy word {unknown}
Potions
 k - 6 potions of curing
 m - a potion of brilliance {unknown}
 t - 3 potions of berserk rage {unknown}
 v - 4 potions of heal wounds
 w - 3 potions of mutation {unknown}
 z - 2 potions of might
 B - a potion of resistance
 P - a potion of degeneration {unknown}


   Skills:
 - Level 5.0 Fighting
 - Level 5.0 Long Blades
 + Level 6.3 Staves
 - Level 1.5 Throwing
 - Level 5.0 Dodging
 + Level 14.0 Invocations
 - Level 7.0 Evocations


You couldn't memorise any spells.
You knew the following spells:

 Your Spells              Type           Power      Damage    Failure   Level
a - Freeze                Ice            0%         1d3       77%         1
b - Call Imp              Summ           0%         N/A       88%         2
c - Vampiric Draining     Necr           0%         2d6       98%         3
d - Animate Armour        Summ/Erth      0%         N/A       100%        4
x - Animate Dead          Necr           0%         N/A       100%        4
Your spell library was empty.


Dungeon Overview and Level Annotations

Branches:
Dungeon (11/15)            Temple (1/1) D:4            Lair (0/6) D:11
    Orc (0/2) D:9           Sewer (visited)

Altars:
Ashenzari
Cheibriados
Dithmenos
Elyvilon
Fedhas
Gozag
Hepliaklqana
Kikubaaqudgha
Makhleb
Nemelex Xobeh
Okawaru
Qazlal
Ru
Sif Muna
Trog
Uskayaw
Vehumet
Wu Jian
Xom
Yredelemnul
Zin
The Shining One
Beogh
Lugonu

Shops:
D:1 *   D:5 =   D:8 (

Annotations:
D:7 3 runed translucent doors, BubbleThief's ghost, novice MfIE


Innate Abilities, Weirdness & Mutations

You are immune to sickness and miasma.
You are immune to poison.
Your flesh is very heat resistant. (rF++)
You are vulnerable to cold. (rC-)
You float through the air rather than walking.
You learn spells naturally, not from books.
Your magical power is your life essence.
You have superior vitality. (+4 MHP)


Message History

Tha orc warrior misses ye.
Ye sock tha orc warrior!
Tha orc warrior be heavily wounded.
Tha orc warrior barely misses ye.
Ye hit tha orc warrior but do nay damage.
Tha orc warrior be heavily wounded.
Tha orc warrior closely misses ye.
Ye closely miss tha orc warrior.
Tha orc warrior be heavily wounded.
Tha orc warrior hits ye but does nay damage.
Ye closely miss tha orc warrior.
Tha orc warrior be heavily wounded.
Tha orc warrior misses ye.
Ye barely miss tha orc warrior.
Tha orc warrior be heavily wounded.
Tha orc warrior misses ye.
Ye sock tha orc warrior!
Tha orc warrior be almost dead.
Tha orc warrior hits ye wit' a +0 flail.
Ye take 5 damage, an' haf 58/81 hp.
Ye hit tha orc warrior.
Ye kill tha orc warrior!
Yer Invocations skill increases ta level 14!
Ye sock tha komodo dragon!
Tha komodo dragon be moderately wounded.
Tha komodo dragon bites ye!
Ye take 15 damage, an' haf 44/81 hp.
Ye sock tha komodo dragon!
Tha komodo dragon be heavily wounded.
Tha komodo dragon bites ye!!
* * * LOW HITPOINT WARNIN'
* * * Ye take 21 damage, an' haf 23/81 hp.
MASSIVE DAMAGE!!
Tha komodo dragon bites ye!!
* * * LOW HITPOINT WARNIN'
* * * Ye take 18 damage, an' haf 6/81 hp.
MASSIVE DAMAGE!!
Ye draw a card...
Ye haf drawn tha Elixir.
Ye begin rapidly regeneratin' health an' magic.
Tha komodo dragon bites ye!!
Ye die...
Yer body glows slightly an' disappears.

#.# #####.####
#########........#
#.........###.##.#
#.######..###.##.# ###
#.##...........#.######.##
.....###..#............#.####
..####
#).##...#.####.###...##
..######)>###.##@###.##
##...# .........[.)...l.##.##
###### #
.############.######.## #>##
# ..# ##'## ##.## ...8## #.#
##...## #..## ....## #.###
##.....## #...# ....8# #.#.##
##.......## ###.# ....##
#....####.........####..#
...8##
#.......+.........'.....# #


You could see a komodo dragon.

Vanquished Creatures
  Erolcha (D:9)
  A shock serpent (D:11)
  3 centaur zombies
  Joseph (D:7)
  Maggie (D:7)
  2 gargoyles
  A cane toad (D:10)
  A troll (D:10)
  Prince Ribbit (D:8)
  A shadow (D:11)
  A wraith (D:11)
  13 yaks
  A basilisk (D:8)
  5 wargs
  An acid dragon (D:11)
  Duvessa (D:7)
  2 water moccasins (D:5)
  5 orc warriors
  An ice beast (D:7)
  4 black bears
  A necrophage (D:7)
  2 ogres (D:5)
  A phantom (D:5)
  2 centaurs
  4 kobold brigands
  A bullfrog (D:9)
  3 water moccasin zombies
  3 scorpions
  Dowan (D:7)
  10 killer bees
  5 wights (D:8)
  7 electric eels (D:7)
  4 howler monkeys
  2 bullfrog skeletons (D:5)
  A jelly (D:5)
  A centaur skeleton (D:7)
  7 orc priests
  2 hounds
  4 iguanas
  7 orc wizards
  A killer bee zombie (D:7)
  A howler monkey zombie (D:8)
  3 gnolls (D:5)
  6 adders
  3 river rats (Sewer)
  A shadow imp (D:8)
  An ufetubus (D:5)
  2 worms
  6 dart slugs
  34 orcs
  12 ball pythons
  3 endoplasms
  3 giant cockroaches
  14 goblins
  3 hobgoblins
  8 jackals
  4 quokkas
  5 bats
  2 frilled lizards
  12 kobolds
  A quokka skeleton (D:4)
  12 rats
252 creatures vanquished.

Vanquished Creatures (collateral kills)
  Harold (D:8)
  3 yaks (D:8)
  Edmund (D:4)
  An ogre (D:5)
  A killer bee (D:7)
  A hobgoblin (D:4)
  4 kobolds (D:8)
12 creatures vanquished.

Vanquished Creatures (others)
  An orc priest (D:8)
  14 plants
15 creatures vanquished.

Grand Total: 279 creatures vanquished

Notes
Turn   | Place    | Note
-------+----------+-------------------------------------------
     0 | D:1      | ProzacElf the Djinni Gladiator began the quest for the Orb.
     0 | D:1      | Reached XP level 1. HP: 18/18 MP: 0/0
   208 | D:1      | Found Keomyjel's General Store.
   222 | D:1      | Reached XP level 2. HP: 22/23 MP: 0/0
   514 | D:1      | Found a faded altar of an unknown god.
   520 | D:1      | Prayed at the altar of an unknown god.
   520 | D:1      | Became a worshipper of Nemelex Xobeh the Trickster
   520 | D:1      | Reached * piety under Nemelex Xobeh
   579 | D:1      | Reached XP level 3. HP: 18/28 MP: 0/0
   579 | D:1      | Learned a level 1 spell: Freeze
   927 | D:1      | Received a gift from Nemelex Xobeh
  1406 | D:2      | Identified the -2 quarterstaff "Juarip" {antimagic, Str+9}
  1419 | D:2      | Reached XP level 4. HP: 13/33 MP: 0/0
  1671 | D:2      | Identified the +10 short sword "Majeziering" {pain, Will+}
  1915 | D:2      | Identified the +0 leather armour of Gayschev {rElec rC+++
                  | rN+ Will-}
  1929 | D:2      | Reached ** piety under Nemelex Xobeh
  2311 | D:2      | Found the +1 Delatra's gloves {ID++}
  2461 | D:3      | Found a basalt altar of Yredelemnul.
  2751 | D:3      | Reached XP level 5. HP: 38/38 MP: 0/0
  2751 | D:3      | Learned a level 2 spell: Call Imp
  2830 | D:3      | Found the +7 staff of the Meek {protect, meekguard}
  2844 | D:3      | Reached skill level 5 in Dodging
  3397 | D:4      | Noticed a black bear
  3399 | D:4      | Found a staircase to the Ecumenical Temple.
  3414 | D:4      | Killed a black bear
  3415 | D:4      | Reached skill level 5 in Long Blades
  3415 | D:4      | Reached XP level 6. HP: 23/43 MP: 0/0
  3534 | D:4      | Noticed a black bear
  3538 | D:4      | Killed a black bear
  3539 | D:4      | Reached skill level 1 in Invocations
  3772 | D:4      | Found a shimmering altar of Xom.
  3794 | D:4      | Reached skill level 2 in Invocations
  3794 | D:4      | Reached XP level 7. HP: 40/50 MP: 0/0
  3794 | D:4      | Learned a level 3 spell: Vampiric Draining
  3856 | D:4      | Noticed Edmund
  3885 | D:4      | Killed Edmund
  4128 | Temple   | Entered the Ecumenical Temple
  4228 | D:4      | Reached skill level 3 in Invocations
  4314 | D:4      | Found a bloodstained altar of Trog.
  4528 | D:5      | Entered Level 5 of the Dungeon
  4528 | D:5      | Reached *** piety under Nemelex Xobeh
  4764 | D:5      | Reached skill level 4 in Invocations
  4764 | D:5      | Reached XP level 8. HP: 25/58 MP: 0/0
  4779 | D:5      | Received a gift from Nemelex Xobeh
  4807 | D:5      | Reached skill level 5 in Fighting
  4900 | D:5      | Found a glowing drain.
  4908 | Sewer    | Entered a sewer
  5082 | Sewer    | Reached skill level 5 in Invocations
  5193 | Sewer    | Found a white marble altar of Elyvilon.
  5316 | D:5      | Reached skill level 1 in Evocations
  5463 | D:5      | Reached skill level 6 in Invocations
  5939 | D:5      | Reached XP level 9. HP: 47/65 MP: 0/0
  5939 | D:5      | Learned a level 4 spell: Animate Armour
  6035 | D:5      | Found Akkeduwi's Jewellery Boutique.
  6264 | D:6      | Reached **** piety under Nemelex Xobeh
  6334 | D:6      | Found an ornate altar of the Wu Jian Council.
  6566 | D:6      | Reached skill level 7 in Invocations
  6588 | D:6      | Received a gift from Nemelex Xobeh
  6635 | D:6      | Found a hazy altar of Hepliaklqana.
  6639 | D:6      | Found a hide-covered altar of Uskayaw.
  6639 | D:6      | Found a sacrificial altar of Ru.
  6639 | D:6      | Found a blossoming altar of Fedhas.
  6640 | D:6      | Found a stormy altar of Qazlal.
  6642 | D:6      | Found a burning altar of Makhleb.
  6643 | D:6      | Found a sparkling altar of Nemelex Xobeh.
  6644 | D:6      | Found a broken altar of Ashenzari.
  7342 | D:7      | Reached skill level 5 in Evocations
  7488 | D:7      | Received a gift from Nemelex Xobeh
  7490 | D:7      | Reached skill level 8 in Invocations
  8161 | D:7      | Reached XP level 10. HP: 37/70 MP: 0/0
  8327 | D:7      | Noticed Duvessa
  8329 | D:7      | Noticed Dowan
  8330 | D:7      | Killed Duvessa
  8331 | D:7      | Reached skill level 9 in Invocations
  8341 | D:7      | Killed Dowan
  8723 | D:7      | Found a runed translucent gate.
  8730 | D:7      | Found a runed translucent gate.
  8735 | D:7      | Found a runed translucent gate.
  8751 | D:7      | Noticed BubbleThief's ghost (novice MfIE)
  8823 | D:7      | Noticed Joseph
  8849 | D:7      | Killed Joseph
  9063 | D:7      | Noticed Maggie
  9067 | D:7      | Killed Maggie
  9068 | D:7      | Reached skill level 10 in Invocations
  9378 | D:8      | Noticed Prince Ribbit
  9392 | D:8      | Killed Prince Ribbit
  9540 | D:8      | Found a white marble altar of Elyvilon.
  9544 | D:8      | Received a gift from Nemelex Xobeh
  9640 | D:8      | Found Dine's Weapon Shop.
 10153 | D:8      | Reached skill level 11 in Invocations
 10236 | D:8      | Noticed Harold
 10256 | D:8      | Killed Harold
 10257 | D:8      | Reached XP level 11. HP: 44/75 MP: 0/0
 10257 | D:8      | Learned a level 4 spell: Animate Dead
 10260 | D:8      | Reached skill level 12 in Invocations
 10771 | D:9      | Found a staircase to the Orcish Mines.
 11129 | D:8      | Reached skill level 1 in Staves
 11473 | D:9      | Noticed Erolcha
 11477 | D:9      | Killed Erolcha
 11936 | D:9      | Received a gift from Nemelex Xobeh
 12413 | D:10     | Entered Level 10 of the Dungeon
 12439 | D:10     | Reached skill level 13 in Invocations
 12491 | D:10     | Reached ***** piety under Nemelex Xobeh
 12663 | D:10     | Found an iron altar of Okawaru.
 12663 | D:10     | Found a glowing silver altar of Zin.
 12804 | D:10     | Reached skill level 5 in Staves
 13519 | D:10     | Received a gift from Nemelex Xobeh
 13893 | D:11     | Noticed a two-headed ogre
 13897 | D:11     | Noticed a shock serpent
 13897 | D:11     | a two-headed ogre changed into a shock serpent
 13903 | D:11     | Killed a shock serpent
 13904 | D:11     | Reached XP level 12. HP: 55/81 MP: 0/0
 14507 | D:11     | Found a staircase to the Lair.
 15184 | D:10     | Reached skill level 14 in Invocations
 15190 | D:10     | Mangled by a komodo dragon

Illustrated notes

Levels and vault maps discovered:
D:1:      erik_arrival_orb_chamber, layout_loops_cross,
          dreamdust_ecumenical_altar_angels_and_demons, serial_shops, shop,
          serial_bayou, serial_bayou_pond_d, serial_bayou_pond_e,
          serial_bayou_crossing, serial_bayou_lake_a, serial_bayou_pond_b
D:2:      layout_loops_ring, pf_guarded_unrand_delatra
D:3:      layout_loops_cross, mainiacjoe_overflow_cross_hatched,
          pf_guarded_unrand_meek
D:4:      layout_rooms, old_standard_altar, kennysheep_mini,
          minmay_temple_entry_waves, uniq_edmund
D:5:      layout_basic, serial_shops, shop, portal_sewer_entry_e,
          minmay_misc_feat_roman
D:6:      layout_basic, mainiacjoe_overflow_tiny_flanked, minitemple,
          kennysheep_minor_cross
D:7:      layout_gridville, biasface_ghost_orc_armoury, chequers_big_river,
          uniq_duvessa, uniq_joseph, uniq_maggie
D:8:      layout_loops_ring, elyvilon_altar_3,
          nicolae_kikubaaqudgha_miasma_corner, serial_shops, nicolae_shop_stone,
          hangedman_abyss_or_decor_stabs, uniq_prince_ribbit1, uniq_harold
D:9:      layout_basic, erik_orc_4, enter_bailey_5, uniq_erolcha
D:10:     statuecave_lemuel, layout_loops_corners,
          nicolae_overflow_hidden_temple
D:11:     layout_roguey, erik_lair_orcish_takeover, minmay_joined_circles
Temple:   corrupted_temple

Skill      XL: |  1  2  3  4  5  6  7  8  9 10 11 12 |
---------------+-------------------------------------+-----
Long Blades    | 3 5 |  5.0
Dodging        | 4 5 |  5.0
Invocations    | 2 4 6 8 11 13 14 | 14.0
Fighting       | 3 4 5 |  5.0
Evocations     | 3 6 7 |  7.0
Staves         | 5 6 |  6.3
Throwing       | |  1.5

Action                   |  1- 3 |  4- 6 |  7- 9 | 10-12 || total
-------------------------+-------+-------+-------+-------++-------
Melee: Long sword        |    82 |     4 |       |       ||    86
       Short sword       |       |    79 |   263 |    78 ||   420
       Punch             |       |     1 |     5 |     2 ||     8
       Quarterstaff      |       |       |       |   394 ||   394
Throw: Throwing net      |       |       |       |     1 ||     1
Invok: Draw Destruction  |     2 |     2 |     6 |    18 ||    28
       Draw Summoning    |     1 |       |     3 |     2 ||     6
       Draw Escape       |       |       |       |     1 ||     1
Evoke: Wand              |       |     1 |     2 |     7 ||    10
  Use: Potion            |     2 |       |     1 |     2 ||     5
       Scroll            |       |       |       |     4 ||     4
 Stab: Sleeping          |       |     1 |       |       ||     1
       Distracted        |       |     1 |       |       ||     1
Armor: Leather armour    |    23 |    16 |    35 |       ||    74
       Scale mail        |       |       |    79 |   194 ||   273
       Swamp dragon scal |       |       |       |    56 ||    56
Dodge: Dodged            |    62 |    56 |   154 |   308 ||   580
